 Dungeon Crawl Stone Soup version 0.31-a0-986-g5e6e4ef867 (webtiles) character file.

Game seed: 16540390133672346618

88 hikkokomori the Chiller (level 4, -1/35 HPs)
             Began as a Demigod Ice Elementalist on Nov 4, 2023.
             Slain by a cerulean imp
             ... wielding a +2 spear
             ... summoned by Natasha
              (3 damage)
             ... on level 2 of the Dungeon.
             The game lasted 00:01:56 (970 turns).

hikkokomori the Chiller (Demigod Ice Elementalist)   Turns: 970, Time: 00:01:58

Health: -1/35      AC:  4    Str: 12 (13) XL:     4   Next: 9%
Magic:  2/10       EV: 12    Int: 15 (17) God:
Gold:   93         SH:  0    Dex: 13 (14) Spells: 6/7 levels left

rFire   . . .        f - +3 whip
rCold   . . .        (no shield)
rNeg    . . .        a - +0 robe
rPois   .            (no helmet)
rElec   .            (no cloak)
rCorr   .            (no gloves)
SInv    .            d - +1 pair of boots
Will    .....        (no amulet)
Stlth   ++           (no ring)
HPRegen 0.25/turn    (no ring)
MPRegen 0.12/turn

%: no passive effects
@: no status effects
A: high MP 1, forlorn, divine attributes
a: no special abilities


You were on level 2 of the Dungeon.
You visited 1 branch of the dungeon, and saw 2 of its levels.

You collected 93 gold pieces.

Inventory:

Hand Weapons
 e - a +0 short sword
 f - a +3 whip (weapon)
Armour
 a - a +0 robe (worn)
 d - a +1 pair of boots (worn)
Scrolls
 c - a scroll of blinking {unknown}
 h - a scroll of brand weapon {unknown}
 j - a scroll of fear {unknown}
Potions
 b - a potion of magic
 g - a potion of mutation {unknown}


   Skills:
 + Level 1.6 Fighting
 - Level 1.8 Dodging
 + Level 2.6 Stealth
 + Level 2.4 Spellcasting
 + Level 4.1 Ice Magic


You had 6 spell levels left.
You knew the following spells:

 Your Spells              Type           Power      Damage    Failure   Level
a - Freeze                Ice            56%        1d7       4%          1

Your spell library contained the following spells:

 Spells                   Type           Power      Damage    Failure   Level
 Frozen Ramparts          Ice            28%        1d5       12%         3
 Ozocubu's Armour         Ice            14%        N/A       12%         3
 Wereblood                Tmut           1%         N/A       32%         2
 Summon Ice Beast         Ice/Summ       7%         N/A       67%         4
 Brom's Barrelling Bould  Conj/Erth      1%         2d3       91%         4


Dungeon Overview and Level Annotations

Branches:
Dungeon (2/15)

Annotations:
D:2 Natasha


Innate Abilities, Weirdness & Mutations

You have an increased reservoir of magic. (+10% MP)
You shall have no god before yourself.
Your divine heritage dramatically boosts your attributes as you level up.


Message History

The gnoll barely misses you.
It was a potion of curing.
You feel better. The gnoll closely misses you. The gnoll closely misses you.
The cerulean imp hits you from afar with a +1 spear.
You closely miss the gnoll. The gnoll hits you with a +0 spear.
The cerulean imp hits you from afar with a +1 spear.
Natasha mumbles some strange words.
The gnoll hits you with a +0 spear.
You whack the gnoll!
The gnoll is heavily wounded.
The cerulean imp hits you but does no damage.
The gnoll hits you with a +0 spear.
You closely miss the gnoll.
The gnoll is heavily wounded.
Natasha mumbles some strange words.
The cerulean imp hits you but does no damage.
The gnoll hits you with a +0 spear.
* * * LOW HITPOINT WARNING * * *
Casting: Freeze (safe; 4% risk of failure)
Confirm with . or Enter, or press ? or * to list all spells.
Aiming: Freeze (safe; 4% risk of failure)
Press: ? - help, Shift-Dir - straight line, f - gnoll
Aim: a gnoll, wielding a +0 spear (heavily wounded)
You freeze the gnoll.
The gnoll is almost dead.
The cerulean imp disappears in a puff of smoke!
The gnoll hits you with a +0 spear.
* * * LOW HITPOINT WARNING * * *
The cerulean imp hits you from afar with a +2 spear.
* * * LOW HITPOINT WARNING * * *
Unknown command.
Casting: Freeze (safe; 4% risk of failure)
Confirm with . or Enter, or press ? or * to list all spells.
Aiming: Freeze (safe; 4% risk of failure)
Press: ? - help, Shift-Dir - straight line, f/p - gnoll
Aim: a gnoll, wielding a +0 spear (almost dead)
You freeze the gnoll.
You kill the gnoll!
The cerulean imp hits you from afar with a +2 spear.
You die...

#.#.####.####.# #.#
#......#.# #.# #.#
###.##.#.####.#####.#
#......##.......#.#
####.####.#.......#
#.##......##.###
#.........##.#
####.#.#####.#
#@#.#####.#
#)#.......#
##5######### #Jh.#
#.5.# #..[# #...#
..... ...)...


You could see Natasha, 2 cerulean imps and an endoplasm.

Vanquished Creatures
  Natasha (D:2)
  3 gnolls (D:2)
  A worm (D:2)
  A dart slug (D:1)
  5 bats
  3 endoplasms
  2 giant cockroaches (D:1)
  6 goblins
  4 hobgoblins
  4 quokkas
  3 ball pythons (D:1)
  2 frilled lizards
  2 kobolds (D:1)
  A rat (D:1)
38 creatures vanquished.

Notes
Turn   | Place    | Note
-------+----------+-------------------------------------------
     0 | D:1      | hikkokomori the Demigod Ice Elementalist began the quest
                  | for the Orb.
     0 | D:1      | Reached XP level 1. HP: 14/14 MP: 5/5
   283 | D:1      | Reached XP level 2. HP: 16/22 MP: 1/7
   467 | D:1      | Reached skill level 1 in Fighting
   528 | D:1      | Got the Secrets of the Heavy Gestalt
   649 | D:1      | Reached XP level 3. HP: 28/28 MP: 8/8
   725 | D:2      | Noticed Natasha
   734 | D:2      | Killed Natasha
   735 | D:2      | Reached skill level 4 in Ice Magic
   955 | D:2      | Noticed Natasha
   962 | D:2      | Reached XP level 4. HP: 13/35 MP: 3/10
   970 | D:2      | Slain by a cerulean imp

Illustrated notes

Levels and vault maps discovered:
D:1:      minmay_arrival_wavy_path, layout_rooms, minmay_pentomino_u2
D:2:      layout_loops_cross, shapermc_ecumenical_altar_notcrosses, uniq_natasha

Skill      XL: |  1  2  3 |
---------------+----------+-----
Stealth        | 2 |  2.6
Spellcasting   | 2 |  2.4
Fighting       | 1 |  1.6
Ice Magic      | 4 |  4.1
Dodging        | |  1.8

Action                     |  1- 3 |  4- 6 || total
---------------------------+-------+-------++-------
  Melee: Short sword       |    16 |       ||    16
         Unarmed           |     4 |       ||     4
         Whip              |    60 |     3 ||    63
   Cast: Freeze            |    33 |     2 ||    35
    Use: Potion            |       |     2 ||     2
   Stab: Sleeping          |     3 |       ||     3
 Armour: Robe              |    50 |    11 ||    61
  Dodge: Dodged            |    85 |     4 ||    89

Table legend: (Time is in decaauts)
 A = Elapsed time spent in this place.
 B = Non-inter-level travel time spent in this place.
 C = Inter-level travel time spent in this place.
 D = Time resting spent in this place.
 E = Time spent auto-exploring this place.
 F = Levels seen in this place.
 G = Mean time per level.
                   A        B        C        D        E       F      G
               +--------+--------+--------+--------+--------+-----+--------+
         Total |    975 |    954 |     21 |      0 |    697 |   2 |  487.5 |
       Dungeon |    975 |    954 |     21 |      0 |    697 |   2 |  487.5 |
               +--------+--------+--------+--------+--------+-----+--------+

Top non-repeatable levels by time:
     D:1: 729 daAuts
     D:2: 245 daAuts
